 Dungeon Crawl Stone Soup version 0.25-a0-426-g7d9e569 (webtiles) character file.

Game seed: 9407071292399507930, levelgen mode: deterministic

221 AngryBottledMilk the Slasher (level 5, 0/70 HPs)
             Began as a Minotaur Monk on Jan 24, 2020.
             Slain by a jackal (1 damage)
             ... on level 4 of the Dungeon.
             The game lasted 00:06:12 (2673 turns).

AngryBottledMilk the Slasher (Minotaur Monk)        Turns: 2673, Time: 00:06:13

Health: 0/70       AC: 22    Str: 21    XL:     5   Next: 65%
Magic:  4/4        EV:  2    Int:  7    God:
Gold:   105        SH:  0    Dex: 13    Spells: 4/4 levels left

rFire    . . .     SeeInvis .   a - +0 falchion
rCold    . . .     Gourm    .   (no shield)
rNeg     + + +     Faith    .   (armour currently unavailable)
rPois    +         Spirit   .   (helmet currently unavailable)
rElec    .         Reflect  .   (cloak currently unavailable)
rCorr    .         Harm     .   (gloves currently unavailable)
MR       .....     NoTele   +   (boots currently unavailable)
Stlth    ++........             (no amulet)
HPRegen  0.21/turn              (no ring)
MPRegen  0.09/turn              (no ring)

@: mighty, lethally poisoned (0 -> 0), tree-form, hasted, very quick
A: (retaliatory headbutt)
a: no special abilities


You were on level 4 of the Dungeon.
You were not hungry.
You were a tree.
You visited 1 branch of the dungeon, and saw 4 of its levels.

You collected 105 gold pieces.

Inventory:

Hand Weapons
 a - a +0 falchion (weapon)
Missiles
 r - 15 poisoned darts (quivered)
Armour
 e - a scarf of cloud immunity (melded)
 g - a +0 leather armour (melded)
Wands
 p - a wand of disintegration (9)
 t - a wand of paralysis (17)
Scrolls
 d - 3 scrolls of remove curse {unknown}
 h - a scroll of immolation {unknown}
 j - 4 scrolls of identify {unknown}
 k - a scroll of random uselessness {unknown}
 l - a scroll of noise {unknown}
 m - 2 scrolls of amnesia {unknown}
 o - a scroll of enchant armour {unknown}
 s - 2 scrolls of teleportation {unknown}
Potions
 b - a potion of cancellation {unknown}
 n - a potion of haste
 q - a potion of magic {unknown}
 u - a potion of degeneration {unknown}
Comestibles
 c - 6 rations


   Skills:
 + Level 4.5 Fighting
 + Level 5.3 Long Blades
 + Level 3.0 Armour
 + Level 4.0 Dodging
 + Level 2.3 Stealth


You had 4 spell levels left.
You didn't know any spells.
Your spell library was empty.

Dungeon Overview and Level Annotations

Branches:
Dungeon (4/15)
 Temple: D:4-7

Altars:


Innate Abilities, Weirdness & Mutations

((You reflexively headbutt those who attack you in melee.))
((You have a pair of horns on your head.))


Message History

It was a potion of haste.
You feel yourself speed up. The jackal misses you.
It was a potion of lignification.
You turn into a tree.
Your scarf of cloud immunity melds into your body.
Your +0 leather armour melds into your body.
You feel vulnerable to the effects of clouds.
Your roots penetrate the ground.
The jackal bites you but does no damage. x3
You slice the jackal!!
You kill the jackal!
You feel sick. The jackal bites you.
* * * LOW HITPOINT WARNING * * *
The jackal bites you.
* * * LOW HITPOINT WARNING * * *
You cannot move.
You cannot move.
You are too injured to fight recklessly!
You barely miss the jackal. The jackal bites you.
* * * LOW HITPOINT WARNING * * *
The jackal bites you.
You die...

........
##+#..$...
#........# #
#........#.
+.......$. #
#.......#
#.##.......##
...........#
.?.....♣...#
####..h)h..+
######....)..#
##........#.......
#.........#.......
#.........#.......
#.###.<...........
#......#####.#
........+ .♣


You could see 2 jackals.

Vanquished Creatures
  A scorpion (D:4)
  An orc priest (D:4)
  An orc wizard (D:4)
  3 adders
  3 worms
  3 dart slugs
  5 leopard geckos
  3 orcs
  8 bats
  3 giant cockroaches
  5 goblins
  9 hobgoblins
  4 jackals
  6 kobolds
  4 frilled lizards
  10 rats
69 creatures vanquished.

Notes
Turn   | Place    | Note
-------+----------+-------------------------------------------
     0 | D:1      | AngryBottledMilk the Minotaur Monk began the quest for the
                  | Orb.
     0 | D:1      | Reached XP level 1. HP: 19/19 MP: 0/0
   420 | D:1      | Reached XP level 2. HP: 27/27 MP: 1/1
   739 | D:1      | Reached skill level 4 in Long Blades
  1124 | D:1      | Reached XP level 3. HP: 33/33 MP: 2/2
  1665 | D:2      | Reached skill level 1 in Armour
  1848 | D:2      | Reached XP level 4. HP: 38/40 MP: 3/3
  2658 | D:4      | Reached skill level 5 in Long Blades
  2658 | D:4      | Reached XP level 5. HP: 31/47 MP: 4/4
  2672 | D:4      | HP: 3/70 [jackal (1)]
  2673 | D:4      | HP: 1/70 [jackal (2)]
  2673 | D:4      | Slain by a jackal

Levels and vault maps discovered:
D:1:      lemuel_arrival_cross, layout_basic, serial_forest,
          infiniplex_forest_clump_C, infiniplex_forest_split,
          infiniplex_forest_clump_cross, infiniplex_forest_clump_diagonal,
          infiniplex_forest_lined_2, infiniplex_forest_lined_1
D:2:      minmay_wonky_spiral, layout_rooms
D:3:      layout_rooms, kennysheep_another_room, minivault_11, glass_columns_c
D:4:      layout_basic, first_ration, serial_forest,
          infiniplex_forest_lined_corner, infiniplex_forest_lined_room_3,
          infiniplex_forest_zigzag_1, infiniplex_forest_lined_corner,
          infiniplex_forest_corner_1, infiniplex_forest_3_way,
          infiniplex_forest_clump_C, infiniplex_forest_lined_2

Skill      XL: |  1  2  3  4  5 |
---------------+----------------+-----
Fighting       | 4 |  4.5
Long Blades    | 4 5 |  5.3
Armour         | 1 2 3 |  3.0
Stealth        | 2 |  2.3
Dodging        | 4 |  4.0

Action                   |  1- 3 |  4- 6 || total
-------------------------+-------+-------++-------
Melee: Falchion          |    90 |    65 ||   155
       Headbutt          |    12 |    10 ||    22
  Use: Potion            |       |     3 ||     3
 Stab: Sleeping          |     3 |     1 ||     4
  Eat: Chunk             |     3 |     2 ||     5
       Ration            |       |     1 ||     1
Armor: Leather armour    |    21 |    19 ||    40
       Robe              |     3 |       ||     3
       Skin              |       |     3 ||     3
Dodge: Dodged            |    54 |    44 ||    98
       Rpst.: Falchion   |    15 |    13 ||    28

Table legend:
 A = Non-vault XP
 B = Vault XP
 C = Vault XP percentage of total XP
 D = Non-vault monster count
 E = Vault monster count
 F = Vault count percentage of total count
                 A         B        C        D         E       F
            +---------+---------+-------+---------+---------+-------
      Total |     292 |      24 |   7.6 |      64 |       5 |   7.2
            +---------+---------+-------+---------+---------+-------
        D:1 |      42 |       0 |   0.0 |      24 |       0 |   0.0
        D:2 |      36 |      24 |  40.0 |      12 |       5 |  29.4
        D:3 |      53 |       0 |   0.0 |      21 |       0 |   0.0
        D:4 |     161 |       0 |   0.0 |       7 |       0 |   0.0
            +---------+---------+-------+---------+---------+-------
